 Dungeon Crawl Stone Soup version 0.29.0-13-gc9e81de378 (webtiles) character file.

Game seed: 13414360894758558738

55 NinjaNoafa the Gusty (level 3, 0/26 HPs)
             Began as a Draconian Air Elementalist on Sept 8, 2022.
             Killed from afar by a white imp (7 damage)
             ... with a puff of frost
             ... summoned by Natasha
             ... on level 2 of the Dungeon.
             The game lasted 00:06:13 (2329 turns).

NinjaNoafa the Gusty (Draconian Air Elementalist)   Turns: 2329, Time: 00:06:14

Health: 0/26       AC:  5    Str: 10    XL:     3   Next: 67%
Magic:  5/7        EV: 12    Int: 17    God:
Gold:   84         SH:  0    Dex: 11    Spells: 7/8 levels left

rFire   . . .      SeeInvis .   f - +0 short sword (venom)
rCold   . . .      Faith    .   (no shield)
rNeg    . . .      Spirit   .   (body armour unavailable)
rPois   .          Reflect  .   (helmet restricted)
rElec   .          Harm     .   (no cloak)
rCorr   +          Rampage  .   (no gloves)
Will    .....                   (no boots)
Stlth   ++........              p - amulet of magic regeneration
HPRegen 0.08/turn               k - ring of resist corrosion
MPRegen 0.50/turn               (no ring)

@: no status effects
A: AC +5, unfitting armour, cold-blooded
a: no special abilities


You were on level 2 of the Dungeon.
You visited 1 branch of the dungeon, and saw 2 of its levels.

You collected 84 gold pieces.

Inventory:

Hand Weapons
 f - a +0 short sword of venom (weapon)
Missiles
 b - 55 stones
Jewellery
 k - a ring of resist corrosion (left hand)
 p - an amulet of magic regeneration (around neck)
Scrolls
 d - a scroll of fear {unknown}
 h - a scroll of vulnerability {unknown}
 i - 4 scrolls of identify {unknown}
 l - a scroll of torment {unknown}
 m - a scroll of immolation {unknown}
 o - a scroll of enchant weapon {unknown}
Potions
 a - a potion of magic
 c - a potion of haste {unknown}
 e - a potion of attraction {unknown}
 g - 3 potions of might {unknown}
 j - 2 potions of curing {unknown}
 n - a potion of degeneration {unknown}


   Skills:
 - Level 1.7 Dodging
 - Level 1.7 Stealth
 - Level 3.0 Spellcasting
 + Level 2.0 Conjurations
 + Level 3.5 Air Magic


You had 7 spell levels left.
You knew the following spells:

 Your Spells              Type           Power      Damage    Failure   Level
a - Shock                 Conj/Air       44%        1d5       5%          1

Your spell library contained the following spells:

 Spells                   Type           Power      Damage    Failure   Level
 Static Discharge         Conj/Air       11%        3-5/arc   9%          2
 Swiftness                Air            14%        N/A       12%         3
 Apportation              Tloc           4%         N/A       17%         1
 Necrotise                Necr           8%         1d4       17%         1
 Sandblast                Erth           4%         2d4       17%         1
 Summon Small Mammal      Summ           8%         N/A       17%         1
 Passwall                 Tmut/Erth      1%         N/A       26%         2
 Stone Arrow              Conj/Erth      12%        3d7       34%         3
 Airstrike                Air            7%         2d(1-17)  38%         4


Dungeon Overview and Level Annotations

Branches:
Dungeon (2/15)

Altars:
Wu Jian

Annotations:
D:2 Natasha


Innate Abilities, Weirdness & Mutations

Your plain brown scales are hard. (AC +5)
You cannot fit into any form of body armour.
You are cold-blooded and may be slowed by cold attacks.


Message History

The magic dart hits you!
Aiming: Shock (safe; 5% risk of failure)
Press: ? - help, Q - select action, (/) - cycle Shift-Dir - straight line The zap hits Natasha but does no damage.
Natasha is moderately wounded.
The zap hits Natasha but does no damage.
Natasha is moderately wounded.
Aiming: Shock (safe; 5% risk of failure)
Press: ? - help, Q - select action, (/) - cycle Shift-Dir - straight line, f - crimson imp
Aim: a crimson imp (summoned, 52% to hit)
The zap hits Natasha.
Natasha is moderately wounded.
The zap hits the crimson imp.
The crimson imp is lightly wounded.
The zap misses the crimson imp.
Natasha barely misses you.
The zap hits Natasha.
Natasha is heavily wounded.
The zap hits the crimson imp.
The crimson imp is moderately wounded.
Natasha closely misses you.
The crimson imp disappears for a moment.
The zap hits Natasha.
Natasha is almost dead.
Natasha casts a spell.
The crimson imp hits you.
The zap hits Natasha.
Natasha is almost dead.
Natasha closely misses you. The crimson imp barely misses you.
The white imp gestures at you. The puff of frost hits you!
* * * LOW HITPOINT WARNING * * *
You barely miss Natasha.
Natasha is almost dead.
Natasha closely misses you.
The crimson imp grinds its teeth.
The crimson imp barely misses you. The white imp gestures at you.
The puff of frost hits you!
You die...

................ ...
#######.###.#### ..
#.##.# #..### .. ###..#.#
##.... . #......# #####
#. ##.###<.# #.###
##..###..#
#...###..###...# ####
#..h@.##...#.## #..#
###55##..###..####...
########.....##
##.##..... #....#...###.#
#..#..... #....#.#####.#
##...._.. #..).#.##....#
###..... ##..##)##.##.###
#..... #..##.#..##...##
#...##
#..##.#.#####..########..


You could see Natasha, a crimson imp (summoned) and a white imp (summoned).

Vanquished Creatures
  An adder (D:2)
  An orc (D:2)
  4 bats (D:1)
  5 endoplasms
  2 giant cockroaches
  6 goblins
  2 hobgoblins (D:1)
  10 kobolds (D:1)
  3 ball pythons
  4 frilled lizards
  2 rats
  5 bushes (D:1)
45 creatures vanquished.

Vanquished Creatures (others)
  14 plants (D:1)
14 creatures vanquished.

Grand Total: 59 creatures vanquished

Notes
Turn   | Place    | Note
-------+----------+-------------------------------------------
     0 | D:1      | NinjaNoafa the Draconian Air Elementalist began the quest
                  | for the Orb.
     0 | D:1      | Reached XP level 1. HP: 14/14 MP: 3/3
    57 | D:1      | Found a faded altar of an unknown god.
   150 | D:1      | Reached XP level 2. HP: 18/20 MP: 0/5
   934 | D:1      | Reached XP level 3. HP: 26/26 MP: 1/7
  1909 | D:2      | Found an ornate altar of the Wu Jian Council.
  2312 | D:2      | Noticed Natasha
  2329 | D:2      | Killed from afar by a white imp

Illustrated notes

Levels and vault maps discovered:
D:1:      zaba_arrival_water, layout_rooms, serial_corexii_hall,
          chequers_hall_statues_corner_a, corexii_hall_statues_l,
          chequers_hall_statues_wall_a, ebering_ecumenical_altar_abandoned,
          lexackson_kobold_supper
D:2:      layout_rooms, basic_altar, uniq_natasha

Skill      XL: |  1  2  3 |
---------------+----------+-----
Spellcasting   | 3 |  3.0
Conjurations   | 2 |  2.0
Dodging        | |  1.7
Stealth        | |  1.7
Air Magic      | |  3.5

Action                   || total
-------------------------++-------
Melee: Dagger            ||     6
       Short sword       ||   236
       Tailslap          ||    56
       Punch             ||     4
 Cast: Shock             ||    81
 Stab: Sleeping          ||     1
Armor: Skin              ||    23
Dodge: Dodged            ||    61
